 Dungeon Crawl Stone Soup version 0.19.1 (webtiles) character file.

269 lorenzova the Magician (level 6, -3/32 HPs)
             Began as a Deep Elf Conjurer on Nov 25, 2016.
             Slain by Grinder (4 damage)
             ... while paralysed by Grinder
             ... on level 3 of the Dungeon.
             The game lasted 00:08:50 (3382 turns).

lorenzova the Magician (Deep Elf Conjurer)          Turns: 3382, Time: 00:08:51

Health: -3/32      AC:  5    Str:  5    XL:     6   Next: 1%
Magic:  3/17       EV:  2    Int: 22    God:
Gold:   157        SH:  0    Dex: 15    Spells: 3 memorised, 8 levels left

rFire  . . .     SeeInvis .     p - +2 dagger (venom)
rCold  . . .     Gourm    .     a - +0 robe
rNeg   . . .     Faith    .     (no shield)
rPois  .         Spirit   .     n - +1 helmet
rElec  .         Reflect  .     (no cloak)
rCorr  .         Harm     .     (no gloves)
MR     .....                    m - +0 pair of boots
Stlth  +++.......               (no amulet)
                                (no ring)
                                v - ring of stealth

@: paralysed
A: no striking features
a: no special abilities


You were on level 3 of the Dungeon.
You were hungry.

You visited 1 branch of the dungeon, and saw 3 of its levels.

You collected 157 gold pieces.

Inventory:

Hand Weapons
 g - a +0 dagger
 p - a +2 dagger of venom (weapon)
Armour
 a - a +0 robe (worn)
 m - a +0 pair of boots (worn)
 n - a +1 helmet (worn)
Jewellery
 v - a ring of stealth (left hand)
Wands
 r - a wand of digging (18/24)
Scrolls
 f - 2 scrolls of identify {unknown}
 h - a scroll of teleportation {unknown}
 i - a scroll of enchant armour {unknown}
 q - a scroll of amnesia {unknown}
 s - a scroll of enchant weapon {unknown}
 u - 3 scrolls of immolation {unknown}
 y - a scroll of magic mapping {unknown}
Potions
 d - 4 potions of flight {unknown}
 e - 2 potions of heal wounds {unknown}
 j - a potion of curing
 k - a potion of berserk rage {unknown}
 l - a potion of brilliance {unknown}
 t - a potion of might {unknown}
 x - a potion of agility {unknown}
Books
 b - a book of Conjurations

   Spells                             Type                      Level
   a - Magic Dart                     Conjuration                  1
   b - Searing Ray                    Conjuration                  2
   c - Dazzling Spray                 Conjuration/Hexes            3
   d - Fulminant Prism                Conjuration/Hexes            4
   e - Iskenderun's Mystic Blast      Conjuration                  4
   f - Iskenderun's Battlesphere      Conjuration/Charms           5
Comestibles
 c - 2 bread rations
 o - a meat ration
 w - a chunk of flesh


   Skills:
 - Level 2.4 Dodging
 - Level 2.4 Stealth
 * Level 6.5 Spellcasting
 * Level 6.3 Conjurations
 + Level 0.0 Charms


You had 8 spell levels left.
You knew the following spells:

 Your Spells              Type           Power        Failure   Level  Hunger
a - Magic Dart            Conj           ####         1%          1    None
b - Iskenderun's Mystic   Conj           #####...     10%         4    ###....
c - Iskenderun's Battles  Conj/Chrm      ###.....     75%         5    #####..


Dungeon Overview and Level Annotations

Branches:
Dungeon (3/15)

Altars:
Ashenzari
Nemelex Xobeh
Ru
Uskayaw

Annotations:
D:3 Grinder


Message History

Grinder completely misses you.
Grinder says, "There's only one good use for a tongue: cutting it out."
Grinder gestures at you. Pain shoots through your body!
* * * LOW HITPOINT WARNING * * *
There is an open door here.
Casting: Iskenderun's Mystic Blast
Confirm with . or Enter, or press ? or * to list all spells.
You don't have enough magic to cast that spell.
Casting: Iskenderun's Mystic Blast
Confirm with . or Enter, or press ? or * to list all spells.
Aiming: Magic Dart
Press: ? - help, Shift-Dir - straight line, f/p - Grinder
Aim: Grinder (severely wounded, poisoned)
The magic dart hits Grinder.
Grinder is severely wounded.
Grinder gestures at you.
You suddenly lose the ability to move!
Grinder hits you.
You die...

.### .#_### # #####
.8.#.#.#.# #...# ..........
#...# .......... #...#
.8.#.#.#.# #...# .#.#.# #
#...#
.############...#############
.+...).'........@5.....).>..#
.#.#####........#########.###
.#.#####........# #.#
......##........# #.#
......##........# #.#
......########### #.# ......#
#.# ......# #5# ......# #.#


You could see Grinder.

Vanquished Creatures
  Ijyb (D:3)
  Natasha (thrice) (D:2)
  Terence (D:1)
  Robin (D:2)
  3 gnolls (D:2)
  An adder (D:3)
  A dart slug (D:1)
  3 leopard geckos
  9 bats
  3 giant cockroaches
  17 goblins
  14 hobgoblins
  7 jackals
  15 kobolds
  A quokka (D:1)
  A ball python (D:2)
  2 frilled lizards
  9 rats
92 creatures vanquished.

Notes
Turn   | Place    | Note
-------+----------+-------------------------------------------
     0 | D:1      | lorenzova the Deep Elf Conjurer began the quest for the Orb.
     0 | D:1      | Reached XP level 1. HP: 10/10 MP: 6/6
   112 | D:1      | Reached XP level 2. HP: 15/15 MP: 2/8
   676 | D:2      | Found a hide-covered altar of Uskayaw.
   677 | D:2      | Noticed Natasha
   768 | D:1      | Reached XP level 3. HP: 16/19 MP: 5/10
   818 | D:1      | Reached skill level 5 in Conjurations
  1510 | D:2      | Noticed Robin
  1533 | D:2      | Killed Natasha
  1533 | D:2      | Reached skill level 5 in Spellcasting
  1533 | D:2      | Reached XP level 4. HP: 24/24 MP: 7/13
  1580 | D:2      | Learned a level 4 spell: Iskenderun's Mystic Blast
  1623 | D:2      | Noticed Natasha
  1626 | D:2      | Killed Natasha
  1748 | D:2      | Noticed Natasha
  1754 | D:2      | Killed Natasha
  1754 | D:2      | Reached XP level 5. HP: 28/28 MP: 6/15
  2156 | D:2      | Noticed a dagger
  2157 | D:2      | Noticed a dagger
  2192 | D:2      | Noticed Terence
  2241 | D:1      | Killed Terence
  2429 | D:2      | Killed Robin
  2845 | D:2      | Found a sacrificial altar of Ru.
  3006 | D:3      | Noticed Ijyb
  3015 | D:3      | Killed Ijyb
  3099 | D:3      | Found a sparkling altar of Nemelex Xobeh.
  3178 | D:3      | Found a shattered altar of Ashenzari.
  3185 | D:3      | Reached XP level 6. HP: 32/32 MP: 13/17
  3192 | D:3      | Learned a level 5 spell: Iskenderun's Battlesphere
  3323 | D:3      | Noticed Grinder
  3356 | D:3      | Paralysed by Grinder for 7 turns
  3379 | D:3      | HP: 1/32 [Grinder/nerve-wracking pain (4)]
  3380 | D:3      | Paralysed by Grinder for 6 turns
  3382 | D:3      | Slain by Grinder

Skill      XL: |  1  2  3  4  5 |
---------------+----------------+-----
Spellcasting   | 4 5 6 |  6.5
Conjurations   | 5 6 |  6.3
Dodging        | |  2.4
Stealth        | |  2.4

Action                   |  1- 3 |  4- 6 || total
-------------------------+-------+-------++-------
Melee: Unarmed           |    14 |       ||    14
       Dagger            |     5 |    13 ||    18
 Cast: Magic Dart        |    84 |   106 ||   190
       Iskenderun's Myst |       |    11 ||    11
  Eat: Chunk             |     2 |     6 ||     8
Armor: Robe              |    16 |     7 ||    23
Dodge: Dodged            |    46 |    54 ||   100
